 Dungeon Crawl Stone Soup version 0.30-a0-782-ge64f9170bb (webtiles) character file.

Game seed: 17458147734143801771

315 vineage the Trooper (level 6, -2/44 HPs)
             Began as a Gargoyle Fighter on Feb 27, 2023.
             Was a Follower of Okawaru.
             Killed by divine providence
             ... invoked by an orc priest
              (8 damage)
             ... on level 4 of the Dungeon.
             The game lasted 00:03:38 (3330 turns).

vineage the Trooper (Gargoyle Fighter)              Turns: 3330, Time: 00:03:39

Health: -2/44      AC: 12    Str: 22    XL:     6   Next: 43%
Magic:  6/6        EV:  9    Int:  8    God:    Okawaru [*.....]
Gold:   216        SH:  4    Dex:  9    Spells: 5/5 levels left

rFire   . . .      SeeInvis .    h - +3 short sword
rCold   . . .      Faith    .    c - +0 buckler
rNeg    + . .      Spirit   .    b - +0 scale mail
rPois   ∞          Reflect  .    (no helmet)
rElec   +          Harm     .    (no cloak)
rCorr   .          Rampage  .    (no gloves)
Will    .....                    m - +0 pair of boots Stlth
                                 (no amulet)
HPRegen 0.27/turn                (no ring)
MPRegen 0.10/turn                (no ring)

@: no status effects
A: sickness immunity, AC +4, negative energy resistance 1, electricity
resistance, torment resistance 1, petrification resistance
a: Renounce Religion, Heroism


You were on level 4 of the Dungeon.
You worshipped Okawaru.
Okawaru was aware of your devotion.
You visited 1 branch of the dungeon, and saw 4 of its levels.

You collected 216 gold pieces.

Inventory:

Hand Weapons
 a - a +0 flail
 h - a +3 short sword (weapon)
Armour
 b - a +0 scale mail (worn)
 c - a +0 buckler (worn)
 m - a +0 pair of boots (worn)
Jewellery
 d - a ring of positive energy
Scrolls
 f - a scroll of magic mapping {unknown}
 g - a scroll of teleportation
 i - a scroll of vulnerability
Potions
 e - a potion of curing
 j - a potion of brilliance {unknown}
 k - a potion of heal wounds {unknown}


   Skills:
 * Level 7.6 Fighting
 - Level 2.0 Maces & Flails
 - Level 3.2 Armour
 - Level 3.2 Shields
 + Level 0.4 Invocations


You had 5 spell levels left.
You didn't know any spells.
Your spell library contained the following spells:

 Spells                   Type           Power      Damage    Failure   Level
 Shock                    Conj/Air       0%         1d3       83%         1
 Swiftness                Air            0%         N/A       99%         3
 Airstrike                Air            0%         2d(0-16)  100%        4


Dungeon Overview and Level Annotations

Branches:
Dungeon (4/15)
 Temple: D:4-7

Altars:
Dithmenos
Okawaru
Trog
Wu Jian

Annotations:
D:4 Menkaure


Innate Abilities, Weirdness & Mutations

You are immune to sickness and miasma.
Your stone body is resilient. (AC +4)
You are immune to poison.
You resist negative energy. (rN+)
You are resistant to electric shocks. (rElec)
You are resistant to unholy torment.
You are immune to petrification.


Message History

You are too injured to fight recklessly!
You are too injured to fight recklessly!
You are too injured to fight recklessly!
You are too injured to fight recklessly!
You are too injured to fight recklessly!
You are too injured to fight recklessly!
You hit the orc.
The orc is almost dead.
The orc priest calls upon Beogh to heal the orc.
The orc's wounds heal themselves!
The orc closely misses you.
You hit the orc.
The orc is moderately wounded.
The orc completely misses you.
You hit the orc.
You kill the orc!
Okawaru accepts your kill.
The orc priest mumbles some strange prayers to Beogh against you.
Pain shoots through your body!
The orc priest hits you but does no damage.
Items here: ( ))))) [[ †††.
You hit the orc priest.
The orc priest is moderately wounded.
The orc priest hits you but does no damage.
You barely miss the orc priest.
The orc priest is moderately wounded.
The orc priest hits you but does no damage.
You hit the orc priest.
The orc priest is heavily wounded.
The orc priest hits you but does no damage.
You hit the orc priest.
The orc priest is almost dead.
The orc priest hits you but does no damage.
The orc priest calls down the wrath of Beogh upon you.
Beogh smites you!
* * * LOW HITPOINT WARNING * * *
You hit the orc priest.
The orc priest is almost dead.
The orc priest invokes the aid of Beogh against you.
Beogh smites you!
You die...

##..........<.....#..
##......##........#..#
######......######..####..#
#.........### #### .##
##.......## ..# ###....##
### ..# ###....#######
#.###..#
##............####..#..#
#...............@o.....#
##.......#########.....#
##.....## #.?....# #......#
#........# ##......##
#......... #........#
##........ #........##
##....... #.........#
##[...o ..........## ##.#.


You could see an orc priest.

Vanquished Creatures
  A hound (D:3)
  Natasha (thrice) (D:3)
  Terence (D:3)
  2 orc wizards (D:3)
  4 adders
  An ufetubus (D:4)
  2 worms
  11 orcs
  8 bats
  10 endoplasms
  3 giant cockroaches
  6 goblins
  4 hobgoblins
  6 kobolds
  A quokka (D:4)
  8 ball pythons
  5 frilled lizards
  16 rats
92 creatures vanquished.

Notes
Turn   | Place    | Note
-------+----------+-------------------------------------------
     0 | D:1      | vineage the Gargoyle Fighter began the quest for the Orb.
     0 | D:1      | Reached XP level 1. HP: 14/14 MP: 1/1
   106 | D:1      | Reached XP level 2. HP: 20/20 MP: 2/2
   116 | D:1      | Reached skill level 4 in Fighting
   461 | D:1      | Reached XP level 3. HP: 24/24 MP: 3/3
  1029 | D:2      | Reached skill level 5 in Fighting
  1057 | D:2      | Found a faded altar of an unknown god.
  1375 | D:3      | Reached XP level 4. HP: 31/31 MP: 4/4
  1486 | D:3      | Found an iron altar of Okawaru.
  1510 | D:3      | Became a worshipper of Warmaster Okawaru
  1580 | D:3      | Noticed Terence
  1587 | D:3      | Reached skill level 6 in Fighting
  1587 | D:3      | Reached XP level 5. HP: 28/36 MP: 5/5
  1601 | D:3      | Killed Terence
  1762 | D:3      | Noticed Natasha
  1773 | D:3      | Killed Natasha
  1867 | D:3      | Reached skill level 7 in Fighting
  1940 | D:3      | Found a shadowy altar of Dithmenos.
  2036 | D:3      | Reached XP level 6. HP: 44/44 MP: 6/6
  2082 | D:3      | Noticed Natasha
  2094 | D:3      | Killed Natasha
  2121 | D:3      | Noticed Natasha
  2159 | D:3      | Killed Natasha
  2159 | D:3      | Reached * piety under Okawaru
  2377 | D:3      | Noticed a moth of wrath
  2380 | D:3      | Found a bloodstained altar of Trog.
  2831 | D:4      | Found an ornate altar of the Wu Jian Council.
  2839 | D:4      | Noticed Menkaure
  3330 | D:4      | Killed from afar by an orc priest

Illustrated notes

Levels and vault maps discovered:
D:1:      eino_arrival_water_star, layout_rooms
D:2:      layout_loops_cross, hellmonk_ecumenical_altar_lost_god,
          grunt_decor_fettered
D:3:      minmay_diamond_boxcup, layout_loops_cross, okawaru_gym_becter,
          tgw_trog, grunt_dithmenos_smoke_and_mirrors, dreamdust_wishing_well,
          uniq_natasha, uniq_terence
D:4:      layout_cave_pods, pdpol_temple_overflow_zin_treasury_gozag_greed,
          nicolae_wu_jian_wuxing_cycle, uniq_menkaure

Skill      XL: |  1  2  3  4  5 |
---------------+----------------+-----
Fighting       | 4 5 6 7 |  7.6
Maces & Flails | |  2.0
Armour         | |  3.2
Shields        | |  3.2
Invocations    | |  0.4

Action                     |  1- 3 |  4- 6 || total
---------------------------+-------+-------++-------
  Melee: Flail             |    46 |       ||    46
         Short sword       |    91 |   242 ||   333
    Use: Scroll            |     5 |     1 ||     6
         Potion            |       |     2 ||     2
 Armour: Scale mail        |    70 |   122 ||   192
  Dodge: Dodged            |    70 |   109 ||   179
  Block: Buckler           |    37 |    50 ||    87

Table legend: (Time is in decaauts)
 A = Elapsed time spent in this place.
 B = Non-inter-level travel time spent in this place.
 C = Inter-level travel time spent in this place.
 D = Time resting spent in this place.
 E = Time spent auto-exploring this place.
 F = Levels seen in this place.
 G = Mean time per level.
                   A        B        C        D        E       F      G
               +--------+--------+--------+--------+--------+-----+--------+
         Total |   3385 |   3130 |    255 |    317 |   2069 |   4 |  846.2 |
       Dungeon |   3385 |   3130 |    255 |    317 |   2069 |   4 |  846.2 |
               +--------+--------+--------+--------+--------+-----+--------+

Top non-repeatable levels by time:
     D:3: 1467 daAuts
     D:2: 782 daAuts
     D:1: 595 daAuts
     D:4: 538 daAuts
